AoeStats
← AlibekYes

Arena

508623757Analyzed
2v2 RM · 9d ago on Sep 23, 2026· 47m 18s· 4 players
Game mode
Random Map
Map size
Medium (4 player)
Population
200
Speed
Normal
Resources
Standard
Victory
Conquest
Starting age
Dark Age
Ending age
Imperial Age
RankedLock teamsTeams togetherTeam positionsShared explorationLock speedFull tech treeHidden civsTurbo modeCheats
Victory
Defeat
🇳🇿 Malians · New Zealand
1309
+13
🇳🇿 Saxons · New Zealand
1193
+17
🇰🇿 Romans · Kazakhstan
1230
-15
🇰🇿 Celts · Kazakhstan
1226
-15
AlibekYes
9:35 Feudal Age
9:54 Man-at-Arms
11:30 Scale Mail Armor
14:43 Forging
Element
10:12 Feudal Age
14:09 Castle Age
12:38 Double-Bit Axe
12:46 Gold Mining
18:24 Horse Collar
24:23 Scale Mail Armor
27:02 Wheelbarrow
29:18 Hand Cart
30:29 Heavy Plow
34:29 Forging
40:43 Imperial Age
39:29 Iron Casting
39:10 Chain Mail Armor
41:23 Heavy Mounted Crossbowman
47:06 Padded Archer Armor
46:57 Fletching
bolts98
11:15 Feudal Age
10:19 Loom
15:27 Castle Age
39:04 Imperial Age
StripedTurtle
11:15 Feudal Age
10:21 Loom
12:01 Loom
15:37 Castle Age
15:03 Arson
16:06 Man-at-Arms
17:15 Long Swordsman
37:22 Scale Mail Armor
Connection lost

Rejoining the realm…

Still unreachable

The connection could not be restored.

Session expired

The server has moved on; the page needs a fresh start.